 Dungeon Crawl Stone Soup version 0.23.2-11-gf996548 (webtiles) character file.

Game seed: 12288596964274906031

3409 Fortress the Ogre Mage (level 10, 0/107 HPs)
             Began as an Ogre Wizard on June 3, 2019.
             Was an Initiate of Sif Muna.
             Slain by Harold
             ... wielding a +0 long sword
              (18 damage)
             ... on level 7 of the Dungeon.
             The game lasted 00:55:58 (9388 turns).

Fortress the Ogre Mage (Ogre Wizard)                Turns: 9388, Time: 00:55:59

Health: 0/107      AC:  4    Str: 13    XL:     10   Next: 4%
Magic:  1/25       EV: 10    Int: 22    God:    Sif Muna [......]
Gold:   407        SH:  0    Dex:  7    Spells: 23/31 levels left

rFire    + . .     SeeInvis .   a - +2 dagger (venom)
rCold    + . .     Gourm    .   (no shield)
rNeg     . . .     Faith    .   g - +0 robe
rPois    .         Spirit   .   u - +1 hat
rElec    .         Reflect  .   (no cloak)
rCorr    .         Harm     .   (gloves unavailable)
MR       +....                  (boots unavailable)
Stlth    +.........             (no amulet)
HPRegen  0.27/turn              c - ring of protection from fire
MPRegen  0.19/turn              p - ring of protection from cold

@: marked
A: large, unfitting armour, tough skin 1
a: Renounce Religion


You were on level 7 of the Dungeon.
You worshipped Sif Muna.
Sif Muna was noncommittal.
You were not hungry.

You visited 2 branches of the dungeon, and saw 8 of its levels.

You collected 407 gold pieces.

Inventory:

Hand Weapons
 a - a +2 dagger of venom (weapon)
 b - a +2 hunting sling of flaming
 r - a +1 dagger of freezing
 t - a +2 mace of protection
 B - a +1 war axe of electrocution
 E - a +1 shortbow of freezing
Missiles
 x - 21 sling bullets (quivered)
 C - 98 arrows
Armour
 g - a +0 robe (worn)
 u - a +1 hat (worn)
Jewellery
 c - a ring of protection from fire (left hand)
 p - a ring of protection from cold (right hand)
 s - an uncursed ring of stealth
 D - an uncursed ring of flight {unknown}
 H - an uncursed ring of fire {unknown}
 J - an uncursed ring of protection from cold
Wands
 z - a wand of disintegration (17)
 A - a wand of iceblast (8)
 F - a wand of random effects (10)
 G - a wand of paralysis (7)
Scrolls
 j - a scroll of fear {unknown}
 k - a scroll of enchant weapon
 m - 2 scrolls of remove curse
 o - a scroll of enchant armour
 v - 5 scrolls of identify
 w - 2 scrolls of magic mapping
 y - a scroll of amnesia
 I - a scroll of blinking {unknown}
 K - a scroll of immolation {unknown}
 L - a scroll of acquirement {unknown}
 O - a scroll of vulnerability {unknown}
Potions
 e - 4 potions of flight
 f - a potion of curing
 h - a potion of agility {unknown}
 i - 3 potions of might
 q - 2 potions of lignification {unknown}
 M - a potion of degeneration {unknown}
Comestibles
 d - 12 rations


   Skills:
 + Level 9.0 Fighting
 - Level 1.7 Dodging
 - Level 1.4 Stealth
 - Level 11.0 Spellcasting
 - Level 6.0 Conjurations
 + Level 2.6 Summonings
 - Level 1.0 Translocations


You had 23 spell levels left.
You knew the following spells:

 Your Spells              Type           Power        Failure   Level  Hunger
a - Magic Dart            Conj           ####         1%          1    None
b - Conjure Flame         Conj/Fire      ####....     4%          3    None
c - Blink                 Tloc           N/A          5%          2    None
d - Call Imp              Summ           ###.....     2%          2    None

Your spell library contained the following spells:

 Spells                   Type           Power        Failure   Level  Hunger
 Beastly Appendage        Tmut           ##....       5%          1    None
 Mephitic Cloud           Conj/Pois/Air  ###.....     7%          3    None
 Slow                     Hex            ##......     9%          2    None
 Sticks to Snakes         Tmut           ##......     9%          2    None
 Spider Form              Tmut/Pois      ##........   16%         3    None
 Ice Form                 Ice/Tmut       ##......     47%         4    #......
 Blade Hands              Tmut           ##........   83%         5    ####...


Dungeon Overview and Level Annotations

Branches:
Dungeon (7/15)             Temple (1/1) D:6

Altars:
Ashenzari
Cheibriados
Dithmenos
Elyvilon
Fedhas
Gozag
Hepliaklqana
Kikubaaqudgha
Makhleb
Nemelex Xobeh
Okawaru
Qazlal
Ru
Sif Muna
Uskayaw
Wu Jian
Xom
Yredelemnul
Zin
The Shining One

Shops:
D:6 :   D:7 %

Annotations:
D:7 Harold


Innate Abilities, Weirdness & Mutations

You are too large for most types of armour.
You have tough skin. (AC +1)


Message History

Press: ? - help, Shift-Dir - straight line, f/p - Harold
Aim: Harold, wielding a +0 long sword, wearing a cursed -1 scale mail and carrying a wand of iceblast (9) (severely wounded)
The magic dart hits Harold.
Harold is severely wounded.
Harold casts a spell at you. The mark upon you grows brighter.
Casting: Magic Dart (safe; 1% risk of failure)
Confirm with . or Enter, or press ? or * to list all spells.
Aiming: Magic Dart (safe; 1% risk of failure)
Press: ? - help, Shift-Dir - straight line, f/p - Harold
Aim: Harold, wielding a +0 long sword, wearing a cursed -1 scale mail and carrying a wand of iceblast (9) (severely wounded)
The magic dart hits Harold.
Harold is severely wounded.
Harold gestures at you while chanting. The mark upon you grows brighter.
You hit Harold but do no damage.
Harold is poisoned.
Harold is severely wounded.
An orc comes into view.
Harold hits you with a +0 long sword!!
You die...

###.......+.........# #.###
.......####.........# #.# #
..#.##.# ###....#### ##.###
<.#....### #...#..# #.....
#.#.#....# #..###.##########.....
#.#.#....#
#.>.....oo..o........รท
#.#+#....# ##.........###........
.........# #.....K...'...#......
#........####..(@@K...######.....
...........##.(.......# #.....
###+#......##.........# ######
,,#.#.................#
#,#...####.####.#######
#.###.##.....##...#
......#.......#...#
.....)#.......#)..#
....+....._.......#


You could see Harold, an orc priest, 2 orcs and 2 kobolds.

Vanquished Creatures
  Pikel (D:6)
  Prince Ribbit (D:5)
  A hippogriff (D:7)
  A spriggan (D:7)
  An orc warrior (D:6)
  An ice beast (D:6)
  An ogre (D:4)
  3 phantoms
  4 centaurs
  Blork the orc (D:5)
  3 bullfrogs
  A wyvern skeleton (D:7)
  3 scorpions
  A bullfrog zombie (D:7)
  A crimson imp (D:7)
  2 howler monkeys
  3 hounds
  2 bullfrog skeletons
  3 orc wizards
  7 orc priests
  A centaur skeleton (D:7)
  An iguana (D:7)
  6 worker ants
  2 hound skeletons
  Robin (D:2)
  6 adders
  A gnoll (D:5)
  A shadow imp (D:4)
  An ooze (D:5)
  3 worms
  2 leopard geckos
  22 orcs
  4 giant cockroaches
  19 goblins
  7 hobgoblins
  7 jackals
  4 quokkas
  4 bats
  6 frilled lizards
  A jackal zombie (D:5)
  8 kobolds
  A leopard gecko zombie (D:5)
  A quokka skeleton (D:4)
  10 rats
160 creatures vanquished.

Vanquished Creatures (collateral kills)
  An orc warrior (D:6)
  An ogre (D:4)
  A bullfrog (D:7)
  An orc priest (D:6)
  2 gnolls (D:5)
  4 orcs
10 creatures vanquished.

Vanquished Creatures (others)
  2 slaves (D:6)
  A jelly (D:6)
  A jackal (D:6)
4 creatures vanquished.

Grand Total: 174 creatures vanquished

Notes
Turn   | Place    | Note
-------+----------+-------------------------------------------
     0 | D:1      | Fortress the Ogre Wizard began the quest for the Orb.
     0 | D:1      | Reached XP level 1. HP: 16/16 MP: 5/5
    16 | D:1      | Reached skill level 1 in Conjurations
   416 | D:1      | Reached XP level 2. HP: 24/24 MP: 3/6
  1151 | D:2      | Reached XP level 3. HP: 31/31 MP: 8/8
  1432 | D:2      | Found a sparkling altar of Nemelex Xobeh.
  1532 | D:2      | Found a burning altar of Makhleb.
  1542 | D:2      | Reached XP level 4. HP: 23/39 MP: 2/9
  1640 | D:2      | Noticed Robin
  1666 | D:2      | Killed Robin
  2168 | D:3      | Found an opulent altar of Gozag.
  2358 | D:3      | Found an opulent altar of Gozag.
  2388 | D:3      | Reached XP level 5. HP: 45/45 MP: 7/10
  2925 | D:3      | Reached skill level 5 in Conjurations
  2957 | D:3      | Found a hazy altar of Hepliaklqana.
  3218 | D:5      | Entered Level 5 of the Dungeon
  3278 | D:4      | Reached XP level 6. HP: 46/53 MP: 4/11
  3619 | D:4      | Learned a level 3 spell: Conjure Flame
  3622 | D:4      | Learned a level 2 spell: Blink
  3625 | D:4      | Learned a level 2 spell: Call Imp
  3798 | D:4      | Reached skill level 1 in Fighting
  3798 | D:4      | Reached skill level 4 in Spellcasting
  3798 | D:4      | Reached skill level 1 in Summonings
  3798 | D:4      | Reached XP level 7. HP: 62/62 MP: 2/13
  3933 | D:4      | Reached skill level 1 in Translocations
  4062 | D:4      | Reached skill level 5 in Spellcasting
  4357 | D:4      | Reached skill level 6 in Spellcasting
  4769 | D:5      | Reached XP level 8. HP: 30/74 MP: 7/18
  5184 | D:5      | Reached skill level 7 in Spellcasting
  5789 | D:5      | Noticed Blork the orc
  5797 | D:5      | Killed Blork the orc
  6044 | D:5      | Noticed Prince Ribbit
  6053 | D:5      | Killed Prince Ribbit
  6053 | D:5      | Reached skill level 8 in Spellcasting
  6134 | D:6      | Noticed Pikel
  6735 | D:6      | Found a white marble altar of Elyvilon.
  6763 | D:6      | Reached skill level 9 in Spellcasting
  6841 | D:6      | Found a basalt altar of Yredelemnul.
  6866 | D:6      | Killed Pikel
  6866 | D:6      | Reached skill level 5 in Fighting
  6866 | D:6      | Reached skill level 10 in Spellcasting
  6866 | D:6      | Reached XP level 9. HP: 10/88 MP: 1/23
  7245 | D:6      | Found Gakud's Book Emporium.
  7576 | D:6      | Found a staircase to the Ecumenical Temple.
  7605 | Temple   | Entered the Ecumenical Temple
  7670 | Temple   | Became a worshipper of Sif Muna the Loreminder
  7986 | D:7      | Found a blossoming altar of Fedhas.
  8086 | D:7      | Reached skill level 11 in Spellcasting
  9317 | D:7      | Noticed Harold
  9320 | D:7      | Found Uteol's Food Boutique.
  9324 | D:7      | Reached XP level 10. HP: 17/107 MP: 2/25
  9341 | D:7      | HP: 5/107 [iguana (6)]
  9388 | D:7      | Slain by Harold

Skill      XL: |  1  2  3  4  5  6  7  8  9 |
---------------+----------------------------+-----
Conjurations   | 1 2 3 4 5 6 |  6.0
Fighting       | 1 2 5 9 |  9.0
Spellcasting   | 4 6 10 11 | 11.0
Summonings     | 1 2 |  2.6
Translocations | 1 |  1.0
Dodging        | |  1.7
Stealth        | |  1.4

Action                   |  1- 3 |  4- 6 |  7- 9 | 10-12 || total
-------------------------+-------+-------+-------+-------++-------
Melee: Unarmed           |    30 |       |       |       ||    30
       Dagger            |    15 |    88 |   168 |    11 ||   282
 Fire: Hunting sling     |       |       |     5 |       ||     5
 Cast: Magic Dart        |    68 |    96 |   262 |    11 ||   437
       Conjure Flame     |       |     2 |     5 |       ||     7
       Call Imp          |       |     1 |    23 |       ||    24
       Blink             |       |     1 |     8 |     1 ||    10
  Use: Scroll            |       |     3 |     1 |     4 ||     8
       Potion            |       |     4 |     2 |     1 ||     7
 Stab: Distracted        |       |       |     1 |       ||     1
       Sleeping          |       |       |     1 |       ||     1
  Eat: Chunk             |     2 |       |     7 |       ||     9
       Ration            |       |     2 |     3 |       ||     5
Armor: Robe              |    13 |    33 |    43 |     2 ||    91
Dodge: Dodged            |    32 |    48 |   103 |    10 ||   193
